 Dungeon Crawl Stone Soup version 0.27-a0-1590-g15f69828bf (webtiles) character file.

Game seed: 13219885115377231838

94 Sobieck the Sneak (level 4, 0/27 HPs)
             Began as a Vampire Brigand on July 18, 2021.
             Slain by Crazy Yiuf (6 damage)
             ... on level 2 of the Dungeon.
             The game lasted 00:04:49 (2574 turns).

Sobieck the Sneak (Vampire Brigand)                 Turns: 2574, Time: 00:04:49

Health: 0/27       AC:  4    Str: 10    XL:     4   Next: 38%
Magic:  4/4        EV: 12    Int: 14    God:
Gold:   69         SH:  0    Dex: 15    Spells: 3/3 levels left

rFire    . . .     SeeInvis +   a - +2 dagger {short}
rCold    + + .     Faith    .   (no shield)
rNeg     + + +     Spirit   .   b - +0 robe
rPois    ∞         Reflect  .   (no helmet)
rElec    .         Harm     .   c - +0 cloak
rCorr    .         Rampage  .   h - +0 pair of gloves
Will     .....                  (no boots)
Stlth    +++++.....             (no amulet)
HPRegen  0.00/turn              (no ring)
MPRegen  0.09/turn              (no ring)

@: bloodless, slowed, very slow
A: bloodless, fangs 3, see invisible, vampiric 2
a: Bat Form, Revivify


You were on level 2 of the Dungeon.
You visited 1 branch of the dungeon, and saw 3 of its levels.

You collected 69 gold pieces.


Innate Abilities, Weirdness & Mutations

You do not regenerate when monsters are visible.
You are frail without blood (-20% HP).
You can heal yourself when you bite living creatures.
You are immune to poison.
You have razor-sharp teeth.
You have supernaturally acute eyesight. (SInv)
You are afflicted with vampirism and can become a bat while bloodless.


   Skills:
 + Level 2.6 Fighting
 + Level 3.1 Short Blades
 - Level 1.5 Throwing
 + Level 2.4 Dodging
 + Level 6.7 Stealth


You had 3 spell levels left.
You didn't know any spells.
Your spell library was empty.

Inventory:

Hand Weapons
 a - a +2 dagger (weapon) {short}
Missiles
 d - 8 poisoned darts (quivered) {throwing}
 e - 2 curare-tipped darts {=fthrowing}
 g - 106 stones {throwing}
 k - 8 arrows
 p - 18 bolts
Armour
 b - a +0 robe (worn)
 c - a +0 cloak (worn)
 h - a +0 pair of gloves (worn)
   (You found it on level 1 of the Dungeon)
Jewellery
 j - a ring of wizardry
   (You found it on level 1 of the Dungeon)
Scrolls
 f - 2 scrolls of identify {unknown}
 i - a scroll of blinking {unknown}
 m - a scroll of enchant weapon {unknown}
 o - a scroll of teleportation {unknown}
Potions
 l - a potion of flight {unknown}
 n - a potion of curing {unknown}

Dungeon Overview and Level Annotations

Branches:
Dungeon (3/15)

Altars:

Annotations:
D:2 Crazy Yiuf

##.P.#
#..#####...
##.## #..#
##.# ##.#
##..# #.#
#.##
#...######.#
##.#
#..........#
#.##
##.####.....
##'##
##....#.##.#
#...#
#.......##..
#.@.#
#####.####.#
#)g.# #.#
#.# #####
#.# #.#
#####.####.#
#..........#
#####.######
#.....<.
########


You could see Crazy Yiuf.


Message History

No target in view!
o - a scroll labelled ENGIT DANAACRIDGH No target in view!
No target in view!
The ball python hisses angrily.
You hit the ball python.
You kill the ball python!
No target in view!
You see here a ball python corpse.
A bat comes into view.
Found a stone staircase leading down.
The helpless bat fails to defend itself.
You bite the bat, and draw its blood! You skewer the bat like a kebab!!!
You kill the bat!
p - 18 bolts A dart slug comes into view.
The dart slug launches a dart at you. The slug dart misses you.
The dart slug barely misses you.
You hit the dart slug. The dart slug launches a dart at you.
The slug dart hits you. 😕 HP[-1]
You take 1 damage, and now have 26/27 hp.
You hit the dart slug. You hit the dart slug. The dart slug barely misses you.
You hit the dart slug. You hit the dart slug.
You kill the dart slug!
No target in view!
You see here a dart slug corpse.
Found a stone staircase leading down.
A worm comes into view. 😎 HP[+1]
Your hp is fully restored (27).
The helpless worm fails to defend itself.
You skewer the worm like a kebab!!!
You kill the worm!
(D) Dungeon
Where to? (Enter - D:2, ? - help)
There is a stone staircase leading down here.
You climb downwards.
There is a stone staircase leading up here.
You climb upwards.
There is a stone staircase leading down here.
A kobold comes into view. It is wielding a +0 club.
The kobold shouts!
The kobold hits you but does no damage.
You hit the kobold. The kobold barely misses you.
You hit the kobold.
You kill the kobold!
No target in view!
There is a stone staircase leading down here.
You climb downwards.
There is a stone staircase leading up here.
You climb upwards.
There is a stone staircase leading down here.
A hobgoblin comes into view.
The hobgoblin shouts!
The hobgoblin misses you.
You hit the hobgoblin.
You kill the hobgoblin!
No target in view!
You see here a hobgoblin corpse.
g - 105 stones {throwing} (gained 24)
A kobold comes into view. It is wielding a +0 short sword.
The helpless kobold fails to defend itself.
You bite the kobold, and draw its blood!
You perforate the kobold like a sieve!!!
You kill the kobold!
You see here a +0 short sword {short}.
g - 106 stones {throwing} (gained 1)
Things that are here:
a +0 club {mace}; a kobold corpse A bat comes into view.
The helpless bat fails to defend itself.
You bite the bat, and draw its blood! You impale the bat!!
You kill the bat!
You open the door.
There is an open translucent door here.
Crazy Yiuf shouts!
Crazy Yiuf misses you.
You hit Crazy Yiuf.
Crazy Yiuf hits you with a +4 quarterstaff of chaos!
You feel yourself slow down. 😮 HP[-11]
You take 11 damage, and now have 16/27 hp.
MASSIVE DAMAGE!! (PAUSE)
You barely miss Crazy Yiuf. Crazy Yiuf completely misses you.
You hit Crazy Yiuf. Crazy Yiuf completely misses you.
Crazy Yiuf hits you with a +4 quarterstaff of chaos!
* * * LOW HITPOINT WARNING * * *
😱 HP[-10]
You take 10 damage, and now have 6/27 hp.
MASSIVE DAMAGE!! (PAUSE)
You hit Crazy Yiuf. Crazy Yiuf closely misses you.
Unknown command.
You barely miss Crazy Yiuf.
Crazy Yiuf hits you with a +4 quarterstaff of chaos.
You die...

Skill      XL: |  1  2  3  4 |
---------------+-------------+-----
Stealth        | 6 |  6.7
Fighting       | 2 |  2.6
Dodging        | 2 |  2.4
Short Blades   | 3 |  3.1
Throwing       | |  1.5

Action                   |  1- 3 |  4- 6 || total
-------------------------+-------+-------++-------
Melee: Dagger            |    99 |    31 ||   130
       Bite              |     4 |     1 ||     5
 Abil: Exsanguinate      |     1 |       ||     1
 Stab: Sleeping          |    18 |     4 ||    22
       Distracted        |     1 |       ||     1
Armor: Robe              |    36 |     4 ||    40
Dodge: Dodged            |    63 |    14 ||    77

Levels and vault maps discovered:
D:1:      dpeg_arrival_erosion, layout_basic,
          shapermc_ecumenical_altar_mp_ritualfount,
          hangedman_abyss_or_decor_lesser_grid, st_stairs_9,
          corexii_hall_statues_x, minmay_misc_feat_diagonals, minmay_surrounded
D:2:      layout_loops_ring, uniq_crazy_yiuf_cottage
D:3:      layout_basic, nicolae_hepliaklqana_hazy_memory, trog_hazing_becter,
          minmay_bisected, uniq_terence, uniq_robin

Notes
Turn   | Place    | Note
-------+----------+-------------------------------------------
     0 | D:1      | Sobieck the Vampire Brigand began the quest for the Orb.
     0 | D:1      | Reached XP level 1. HP: 16/16 MP: 1/1
     0 | D:1      | magus.rc [v1.9.6]
    88 | D:1      | Found a faded altar of an unknown god.
   123 | D:1      | You fall into a shaft and drop 1 floor!
   140 | D:2      | Reached skill level 6 in Stealth
   153 | D:2      | Reached skill level 2 in Fighting
   153 | D:2      | Reached XP level 2. HP: 17/17 MP: 2/2
   389 | D:2      | Gained mutation: You are afflicted with vampirism and can
                  | become a bat while bloodless. [Vampire growth]
   389 | D:2      | Reached XP level 3. HP: 21/21 MP: 3/3
   488 | D:1      | Reached skill level 2 in Dodging
  1745 | D:1      | Reached XP level 4. HP: 11/27 MP: 4/4
  1746 | D:1      | Reached skill level 3 in Short Blades
  2481 | D:2      | Found a runed translucent door.
  2482 | D:2      | Noticed Crazy Yiuf
  2572 | D:2      | HP: 6/27 [Crazy Yiuf (10)]
  2574 | D:2      | Slain by Crazy Yiuf

Vanquished Creatures
  4 adders
  A worm (D:2)
  A dart slug (D:2)
  3 endoplasms (D:1)
  2 giant cockroaches (D:1)
  A goblin (D:2)
  4 hobgoblins
  7 jackals
  4 kobolds
  3 quokkas
  6 ball pythons
  6 bats
  6 frilled lizards
  3 rats (D:1)
51 creatures vanquished.

Vanquished Creatures (others)
  A fungus (D:2)
1 creature vanquished.

Grand Total: 52 creatures vanquished

Table legend:
 A = Non-vault XP
 B = Vault XP
 C = Vault XP percentage of total XP
 D = Non-vault monster count
 E = Vault monster count
 F = Vault count percentage of total count
                 A         B        C        D         E       F
            +---------+---------+-------+---------+---------+-------
      Total |     121 |      14 |  10.4 |      42 |       9 |  17.6
            +---------+---------+-------+---------+---------+-------
        D:1 |      50 |      14 |  21.9 |      24 |       9 |  27.3
        D:2 |      70 |       0 |   0.0 |      17 |       0 |   0.0
        D:3 |       1 |       0 |   0.0 |       1 |       0 |   0.0
            +---------+---------+-------+---------+---------+-------

Illustrated notes

Table legend:
 A = Kills in this place as a percentage of kills in entire the game.
 B = Kills by you in this place as a percentage of kills by you in the entire game.
 C = Kills by friends in this place as a percentage of kills by friends in the entire game.
 D = Other kills in this place as a percentage of other kills in the entire game.
 E = Experience gained in this place as a percentage of experience gained in the entire game.
 F = Experience gained in this place divided by the number of levels of this place that you have seen.
                   A       B       C       D       E      F
               +-------+-------+-------+-------+-------+----------------------
         Total | 100.0 | 100.0 |   N/A |   N/A | 100.0 |  45.0
       Dungeon | 100.0 | 100.0 |   N/A |   N/A | 100.0 |  45.0
               +-------+-------+-------+-------+-------+----------------------

Table legend: (Time is in decaauts)
 A = Elapsed time spent in this place.
 B = Non-inter-level travel time spent in this place.
 C = Inter-level travel time spent in this place.
 D = Time resting spent in this place.
 E = Time spent auto-exploring this place.
 F = Levels seen in this place.
 G = Mean time per level.
                   A        B        C        D        E       F      G
               +--------+--------+--------+--------+--------+-----+--------+
         Total |   2566 |   2414 |    152 |    671 |   1297 |   3 |  855.3 |
       Dungeon |   2566 |   2414 |    152 |    671 |   1297 |   3 |  855.3 |
               +--------+--------+--------+--------+--------+-----+--------+

Top non-repeatable levels by time:
     D:1: 1669 daAuts
     D:2: 888 daAuts
     D:3: 7 daAuts
